 Dungeon Crawl Stone Soup version 0.25-a0-528-g6b7c99946c (webtiles) character file.

Game seed: 773718916248072488, levelgen mode: deterministic

465507 Flugslaktarn the Hoplite (level 23, -21/232 HPs)
             Began as a Deep Dwarf Fighter on Feb 19, 2020.
             Was the Champion of Makhleb.
             Demolished by an Orb Guardian (22 damage)
             ... on level 5 of the Realm of Zot.
             The game lasted 00:28:41 (23638 turns).

Flugslaktarn the Hoplite (Deep Dwarf Fighter)      Turns: 23638, Time: 00:28:42

Health: -21/232    AC: 52    Str: 38    XL:     23   Next: 15%
Magic:  5/18 (14)  EV:  8    Int:  7    God:    Makhleb [******]
Gold:   2069       SH: 29    Dex: 10    Spells: 22/22 levels left

rFire    + + +     SeeInvis .   a - +5 broad axe (protect)
rCold    + + +     Gourm    .   y - +2 tower shield
rNeg     + + +     Faith    .   m - +3 gold dragon scales
rPois    +         Spirit   .   N - +0 Maxwell's etheric cage {RegenMP+ *Contam rElec MP+4}
rElec    +         Reflect  .   L - +1 cloak of Weirdness {rF+ rN+}
rCorr    +         Harm     .   B - +2 pair of gloves
MR       +++++     Clarity  +   H - +2 pair of boots of Uckij {Str+5 Dex-2}
Stlth    ..........             k - amulet of the Four Winds {rN+ MR+++ Clar}
HPRegen  0.00/turn              c - ring of protection from cold MPRegen 0.66/turn*
                                p - +5 ring of protection

@: mighty, lethally poisoned (-21 -> -21), resistant, marked, protection aura,
non-regenerating, hasted, very quick
A: damage resistance, heal wounds, berserk 1, blurry vision 2, deterioration 1,
dopey 2, negative energy resistance 1, sense surroundings 3, no regeneration
}: 3/15 runes: serpentine, silver, abyssal
a: Heal Wounds, Minor Destruction, Lesser Servant of Makhleb, Major Destruction,
Greater Servant of Makhleb, Renounce Religion


You were on level 5 of the Realm of Zot.
You worshipped Makhleb.
Makhleb was exalted by your worship.
You were very full.

You visited 8 branches of the dungeon, and saw 43 of its levels.
You visited the Abyss 1 time.
You also visited: Gauntlet, Ice Cave and Volcano.

You collected 3085 gold pieces.
You spent 1016 gold pieces at shops.

Inventory:

Hand Weapons
 a - a +5 broad axe of protection (weapon)
   (You took it off a tengu warrior on level 14 of the Dungeon)
 b - a +2 hand axe of flaming
   (You took it off a big kobold on level 8 of the Dungeon)
Missiles
 S - 5 throwing nets (quivered)
Armour
 m - +3 gold dragon scales (worn)
   (You found it on level 5 of the Depths)
 y - a +2 tower shield (worn)
   (You took it off Louise on level 14 of the Dungeon)
 B - a +2 pair of gloves (worn)
   (You found it on level 4 of the Dungeon)
 H - the +2 pair of boots of Uckij (worn) {Str+5 Dex-2}
   (You bought it in a shop on level 4 of the Vaults)

   It affects your strength (+5).
   It affects your dexterity (-2).
   If you remove this armour, your AC will decrease by 4 (52 -> 48).
 I - a +2 helmet of see invisible
   (You found it in a Gauntlet)
 L - the +1 cloak of Weirdness (worn) {rF+ rN+}
   (You found it on level 11 of the Dungeon)

   It protects you from fire.
   It protects you from negative energy.
   If you remove this armour, your AC will decrease by 3 (52 -> 49).
 N - the +0 Maxwell's etheric cage (worn) {RegenMP+ *Contam rElec MP+4}
   (You found it in an ice cave)

   It insulates you from electricity.
   It affects your magic capacity (+4).
   It causes magical contamination when unequipped.
   If you remove this armour, your AC will decrease by 2 (52 -> 50).
Jewellery
 c - a ring of protection from cold (left hand)
   (You found it on level 13 of the Dungeon)
 f - an uncursed ring of protection from fire
   (You found it on level 4 of the Depths)
 i - an uncursed ring of see invisible
   (You found it on level 3 of the Lair of Beasts)
 k - the amulet of the Four Winds (around neck) {rN+ MR+++ Clar}
   (You took it off a minotaur in a Gauntlet)

   [amulet of nothing]

   It protects you from negative energy.
   It affects your resistance to hostile enchantments.
   It protects you against confusion.
 o - an uncursed ring of poison resistance
   (You found it on level 1 of the Lair of Beasts)
 p - a +5 ring of protection (right hand)
   (You found it in a Gauntlet)
 E - a +3 ring of protection
   (You found it on level 12 of the Dungeon)
 K - the ring of Ajuz {rN+ MP+9 AC+2}
   (You found it in a Gauntlet)

   [ring of protection]

   It affects your AC (+2).
   It protects you from negative energy.
   It affects your magic capacity (+9).
Wands
 s - a wand of enslavement (8)
   (You found it on level 3 of the Snake Pit)
 M - a wand of digging (12)
   (You found it on level 7 of the Dungeon)
 Q - a wand of iceblast (47)
   (You found it on level 9 of the Dungeon)
 X - a wand of paralysis (7)
   (You found it on level 3 of the Abyss)
 Z - a wand of acid (8)
   (You found it on level 1 of the Vaults)
Scrolls
 j - 10 scrolls of fog
 l - 10 scrolls of fear
 t - 8 scrolls of teleportation
 u - 3 scrolls of immolation
 x - 2 scrolls of magic mapping
 z - 2 scrolls of blinking
 F - 6 scrolls of remove curse
 U - a scroll of vulnerability
Potions
 d - 4 potions of might
 g - 3 potions of brilliance
 h - 3 potions of haste
 n - a potion of resistance
 q - 7 potions of curing
 v - a potion of ambrosia
 A - a potion of flight
 C - 2 potions of mutation
 D - 2 potions of cancellation
 O - 4 potions of magic
 P - 2 potions of invisibility
 V - 2 potions of berserk rage
 W - a potion of lignification {unknown}
 Y - a potion of stabbing
Miscellaneous
 J - a lamp of fire
   (You found it in a Gauntlet)
Comestibles
 e - 47 rations


   Skills:
 + Level 19.3 Fighting
 - Level 18.0 Axes
 + Level 22.2 Armour
 + Level 22.2 Shields
 - Level 15.0 Invocations


You had 22 spell levels left.
You didn't know any spells.
Your spell library was empty.

Dungeon Overview and Level Annotations

Branches:
Dungeon (15/15)            Temple (1/1) D:7            Lair (4/6) D:9
 Shoals (4/4) Lair:2        Snake (4/4) Lair:4          Orc (0/2) D:11
 Vaults (5/5) D:13         Depths (5/5) D:15            Zot (5/5) Depths:5
  IceCv (visited)         Volcano (visited)         Gauntlet (visited)
  Crypt: Vaults:2-3

Altars:
Ashenzari
Cheibriados
Dithmenos
Elyvilon
Fedhas
Gozag
Hepliaklqana
Kikubaaqudgha
Makhleb
Nemelex Xobeh
Okawaru
Qazlal
Ru
Sif Muna
Uskayaw
Vehumet
Wu Jian
Xom
Yredelemnul
Zin
The Shining One

Shops:
D:8 !   D:11 ?   Vaults:3 (   Vaults:4 ([[   Depths:4 ?   Depths:5 }

Portals:
Hell: Depths:4
Abyss: Depths:4
Pandemonium: Depths:4

Annotations:
D:9 3 runed translucent doors, Psyche; Tiami's ghost, novice OpVM
D:12 1 runed translucent door, exclusion: orange crystal statue


Innate Abilities, Weirdness & Mutations

You are resistant to damage.
You can heal yourself by infusing magical energy.
You resist negative energy. (rN+)
You passively map a large area around you.
You do not regenerate.
You tend to lose your temper in combat.
Scrolls take you longer to read.
Your body sometimes deteriorates upon taking damage.
You are very dopey. (Int -4)


Message History

The orb of fire glows yellow.
The bolt of fire hits you. You resist. The ancient lich casts a spell at you.
The bolt of lightning hits the orb of fire.
The orb of fire completely resists.
The bolt of lightning hits the orb of fire.
The orb of fire completely resists.
The bolt of lightning hits the orb of fire.
The orb of fire completely resists.
The bolt of lightning hits you! You resist.
* * * LOW HITPOINT WARNING * * *
The bolt of lightning hits the orb of fire.
The orb of fire completely resists.
The bolt of lightning hits the orb of fire.
The orb of fire completely resists.
You closely miss the orb of fire.
The orb of fire is severely damaged.
You hit the orb of fire but do no damage.
You slice the orb of fire!! x2; You hit the Orb Guardian.
The Orb Guardian hits you!!
You die...

,,,,,,,,,,,,,,** #.......))....#
,,,,,,,,,,,,,,,* ##..?........##
,,,,,,,,^,,,,,,* #.^.........#
,,,,,,,,,,,,,,,* ##...........#*
,,,,,,,,,^,,,,^* #.............#
,,,,,,,,,,,,,,,* ##.............#
,,,,,,,,,,,,,,,*##LyL...(........
,,,,,,,,,,,,,,###X**###########..
,,,,,,,,,,,,,*#*@**## *#.
,,,,,,,,,DXXXX***### **
,,,,*****▓▓▓▓▓▓▓▓#
,,,,,,,,,,,,,****
,,,,,,,,,,,,,,,,*** *
,,,,,,,,,,,,,,,,,,** **
,,,,,,,,,,,,,,,,,,,* ********* *,
,^,,,,,,,,,,,,,,,,,***,,,,,,,***,
^,,,,,,,,,,,,,,,,,,**,,,,^,,,,**,


You could see 8 orbs of fire, a tentacled monstrosity, a golden dragon, 2
ancient liches, 4 Orb Guardians and a moth of wrath.

Vanquished Creatures
  An orb of fire (Zot:5)
  2 ancient liches (Zot:5)
  Mennas (Depths:3)
  A juggernaut (Depths:4)
  Boris (twice) (Depths:4 Depths:5)
  Sojobo (Depths:4)
  Margery (Depths:4)
  Xtahua (Depths:3)
  Nikola (Vaults:1)
  8 golden dragons
  A lich (Depths:3)
  Rupert (D:15)
  Jorgrun (D:15)
  5 tentacled monstrosities
  Asterion (Snake:2)
  7 titans
  8 Orb Guardians (Zot:5)
  An ancient champion (Depths:4)
  3 sphinxes
  4 tengu reavers
  A draconian monk (Zot:1)
  4 death cobs
  10 shadow dragons
  Frances (D:13)
  2 tentacled starspawn (Abyss:4)
  6 storm dragons
  8 nagarajas
  6 fire giants
  6 frost giants
  A deep elf sorcerer (Depths:4)
  Louise (D:14)
  An azure jelly (shapeshifter) (Depths:3)
  2 iron dragons (Vaults:5)
  2 draconian scorchers
  A draconian knight (Depths:5)
  9 vault wardens
  2 draconian shifters
  3 draconian stormcallers
  A deep elf elementalist (Depths:3)
  9 very ugly things
  Aizul (Snake:2)
  A ghoul (Vaults:3)
  A draconian annihilator (Zot:5)
  3 vampire knights
  8 ironheart preservers
  9 stone giants
  3 deep elf demonologists
  2 entropy weavers
  3 purple draconians (Zot:5)
  9 green draconians
  4 black draconians
  Azrael (D:12)
  4 red draconians
  4 deep elf annihilators
  3 spark wasps (Depths:4)
  A minotaur (Gauntlet)
  3 yellow draconians
  7 white draconians
  4 merfolk javelineers
  3 merfolk impalers
  6 ettins
  2 jiangshi (Depths:1)
  A deep elf death mage (Vaults:3)
  Josephine (D:10)
  6 fire dragons
  12 yaktaur captains
  4 ice dragons
  6 deep elf high priests
  27 vault guards
  7 rakshasas
  A merfolk avatar (Shoals:2)
  6 naga warriors
  A quicksilver dragon skeleton (Depths:2)
  5 hydras
  5 centaur warriors
  4 great orbs of eyes
  A death knight (Vaults:3)
  An anaconda (shapeshifter) (Vaults:5)
  19 anacondas
  3 tengu warriors
  13 ogre magi
  A dancing weapon (Vaults:5)
  3 merfolk aquamancers
  2 alligator snapping turtles
  30 two-headed ogres
  2 death yaks (IceCv)
  A satyr (Shoals:3)
  2 queen ants
  5 deep troll earth magi
  9 naga sharpshooters
  A spriggan berserker (Depths:4)
  4 deep troll shamans
  5 shock serpents
  2 deep elf knights
  2 iron trolls
  A sixfirhy (Abyss:4)
  20 hell knights
  4 skeletal warriors
  3 wretched stars (Abyss:4)
  A death drake (Abyss:4)
  8 deep trolls
  A shadow demon (Abyss:4)
  5 unseen horrors
  A flayed ghost (Depths:4)
  13 sea snakes
  4 deep elf archers
  2 phantasmal warriors (Vaults:5)
  Pikel (D:4)
  15 harpies
  3 necromancers
  7 ironbrand convokers
  5 naga ritualists (Snake:4)
  4 orc knights
  A wolf spider zombie (D:12)
  A mana viper (Snake:3)
  9 deep elf magi
  2 orc sorcerers
  2 wolf spiders (Vaults:4)
  14 ugly things
  12 fauns
  A tengu skeleton (Depths:2)
  3 cyclopes
  5 salamanders
  6 merfolk sirens
  8 manticores
  A frost giant zombie (Depths:2)
  2 moths of wrath
  10 guardian serpents
  6 elephants (Lair:2)
  A centaur zombie (D:15)
  A gargoyle (D:10)
  13 black mambas
  2 water nymphs
  2 smoke demons (Abyss:4)
  A guardian serpent (shapeshifter) (Depths:3)
  19 naga magi
  An ice statue (IceCv)
  9 vault sentinels
  A torpor snail (shapeshifter) (Depths:4)
  A spiny frog (Lair:3)
  5 freezing wraiths
  A tengu conjurer (Depths:4)
  5 komodo dragons
  An ancient zyme (Abyss:4)
  An efreet (D:13)
  43 yaktaurs
  A hellwing (Abyss:4)
  6 trolls
  12 polar bears (IceCv)
  A polar bear (shapeshifter) (Vaults:3)
  4 wind drakes
  4 hornets
  14 merfolk
  A queen bee (D:11)
  2 queen bees (shapeshifter)
  A raiju (shapeshifter) (Depths:4)
  3 blink frogs (Lair:3)
  2 dream sheep (D:8)
  14 slime creatures
  8 raiju
  11 hippogriffs
  7 snapping turtles
  A shadow (D:15)
  A redback (shapeshifter) (Vaults:3)
  10 water elementals
  3 redbacks
  2 vampires
  A ynoxinul (Abyss:4)
  8 wraiths
  A spriggan (shapeshifter) (Vaults:5)
  A tarantella (shapeshifter) (Depths:5)
  5 wyverns
  4 fire elementals (D:12)
  86 yaks
  A black mamba skeleton (Abyss:4)
  3 fire bats (Lair:3)
  A golden eye (shapeshifter) (Vaults:4)
  2 steam dragons (Gauntlet)
  3 basilisks
  A human (shapeshifter) (Depths:3)
  3 hungry ghosts
  Grum (D:9)
  9 vampire mosquitoes
  2 acid dragons
  13 soldier ants
  Edmund (D:6)
  3 hell hounds (D:12)
  38 nagas
  12 water moccasins
  4 porcupines
  6 sky beasts
  3 floating eyes
  A hornet zombie (D:11)
  2 phantoms
  9 orc warriors
  3 large abominations (Abyss:4)
  3 black bears
  12 ice beasts
  16 starcursed masses (Abyss:4)
  An ogre (shapeshifter) (Vaults:3)
  3 eyes of draining
  20 wolves
  An eye of draining (shapeshifter) (Depths:3)
  6 boggarts (Depths:3)
  30 ogres
  10 centaurs
  A crocodile (shapeshifter) (Abyss:4)
  10 crocodiles
  17 bullfrogs
  3 big kobolds (D:8)
  Blork the orc (D:6)
  A wyvern skeleton (D:11)
  A hornet simulacrum (Gauntlet)
  2 scorpions
  23 killer bees
  7 wights
  A human simulacrum (Vaults:3)
  4 electric eels (D:13)
  5 crimson imps
  2 bullfrog zombies
  A gnoll shaman (D:7)
  4 centaur skeletons
  11 orc wizards
  6 hounds
  8 orc priests
  2 bullfrog skeletons
  An iron imp (Abyss:4)
  Jessica (D:3)
  3 iguanas
  31 worker ants
  8 small abominations
  A hound zombie (D:7)
  A hound skeleton (D:7)
  A howler monkey zombie (D:10)
  A worker ant zombie (D:10)
  5 gnolls (D:7)
  4 howler monkey skeletons
  14 adders
  3 shadow imps
  2 adder zombies
  2 worms (D:2)
  2 dart slugs
  2 leopard geckos
  31 orcs
  9 giant cockroaches
  5 goblins
  4 hobgoblins
  7 jackals
  A kobold (D:1)
  4 quokkas
  A ball python (D:5)
  4 bats
  4 frilled lizards
  A leopard gecko skeleton (D:6)
  A quokka skeleton (D:4)
  A quokka zombie (D:5)
  4 rats
  3 fungi
  4 plants
  A starspawn tentacle (Abyss:4)
  A toadstool (D:12)
1404 creatures vanquished.

Vanquished Creatures (collateral kills)
  An Orb Guardian (Zot:5)
  2 merfolk javelineers (Shoals:4)
  A two-headed ogre (D:13)
  A satyr (Shoals:4)
  2 harpies (Shoals:4)
  An ugly thing (D:12)
  A basilisk (D:13)
  A vampire mosquito (D:13)
10 creatures vanquished.

Vanquished Creatures (others)
  A draconian knight (Zot:1)
  2 shadow wraiths (Vaults:3)
  A harpy (Shoals:4)
  A deep elf mage (Vaults:3)
  A small abomination (Shoals:4)
  An orc wizard (D:4)
  3 orcs
  A jackal (D:4)
  5 fungi
  8 plants
  7 starspawn tentacles (Abyss:4)
  3 toadstools (D:12)
  10 withered plants (Gauntlet)
44 creatures vanquished.

Grand Total: 1458 creatures vanquished

Notes
Turn   | Place    | Note
-------+----------+-------------------------------------------
     0 | D:1      | Flugslaktarn the Deep Dwarf Fighter began the quest for the
                  | Orb.
     0 | D:1      | Reached XP level 1. HP: 20/20 MP: 1/1
   158 | D:2      | Reached XP level 2. HP: 17/27 MP: 2/2
   236 | D:3      | Found a glowing drain.
   272 | D:3      | Noticed Jessica
   274 | D:3      | Reached XP level 3. HP: 29/34 MP: 3/3
   296 | D:3      | Killed Jessica
   296 | D:3      | Reached XP level 4. HP: 11/42 MP: 4/4
   523 | D:4      | Reached XP level 5. HP: 37/49 MP: 4/4
   615 | D:4      | Reached XP level 6. HP: 41/56 MP: 5/5
   661 | D:4      | Noticed a slave
   662 | D:4      | Noticed a slave
   662 | D:4      | Noticed Pikel
   663 | D:4      | Noticed a slave
   665 | D:4      | Noticed a slave
   679 | D:4      | Killed Pikel
   679 | D:4      | Reached skill level 5 in Armour
   679 | D:4      | Reached skill level 5 in Shields
   679 | D:4      | Reached XP level 7. HP: 49/64 MP: 6/6
  1029 | D:5      | Entered Level 5 of the Dungeon
  1343 | D:5      | Found an ancient bone altar of Kikubaaqudgha.
  1567 | D:5      | Found a blossoming altar of Fedhas.
  1568 | D:5      | Found a shadowy altar of Dithmenos.
  1569 | D:5      | Found a snail-covered altar of Cheibriados.
  1778 | D:6      | Reached XP level 8. HP: 37/73 MP: 7/7
  2007 | D:6      | Noticed Blork the orc
  2014 | D:6      | Reached skill level 5 in Fighting
  2027 | D:6      | Found a shattered altar of Ashenzari.
  2037 | D:6      | Killed Blork the orc
  2107 | D:6      | Noticed Edmund
  2148 | D:6      | Killed Edmund
  2402 | D:7      | Noticed a hippogriff
  2419 | D:7      | Killed a hippogriff
  2437 | D:7      | Gained mutation: You passively map the area around you.
                  | [Deep Dwarf growth]
  2437 | D:7      | Reached XP level 9. HP: 55/81 MP: 6/6
  2523 | D:7      | Found a staircase to the Ecumenical Temple.
  2555 | Temple   | Entered the Ecumenical Temple
  2771 | Temple   | Became a worshipper of Makhleb the Destroyer
  2970 | D:7      | Reached skill level 1 in Invocations
  3191 | D:8      | Found an ancient bone altar of Kikubaaqudgha.
  3324 | D:8      | Reached skill level 10 in Axes
  3326 | D:8      | Reached XP level 10. HP: 80/92 MP: 8/8
  3357 | D:8      | Reached * piety under Makhleb
  3394 | D:8      | Found Zieki's Distillery.
  3403 | D:8      | Bought a potion of resistance for 140 gold pieces
  3403 | D:8      | Bought a potion of curing for 42 gold pieces
  3804 | D:8      | Noticed a three-headed hydra
  3810 | D:8      | Killed a one-headed hydra
  3810 | D:8      | Reached skill level 5 in Invocations
  3878 | D:9      | Noticed Grum
  3904 | D:9      | Killed Grum
  4015 | D:9      | Found a shimmering altar of Xom.
  4019 | D:9      | Reached ** piety under Makhleb
  4053 | D:9      | Found a staircase to the Lair.
  4295 | D:9      | Noticed a centaur warrior
  4317 | D:9      | Killed a centaur warrior
  4317 | D:9      | Reached XP level 11. HP: 68/100 MP: 10/10
  4413 | D:9      | Found a runed translucent gate.
  4415 | D:9      | Found a runed translucent gate.
  4415 | D:9      | Noticed Tiami's ghost (novice OpVM)
  4417 | D:9      | Found a runed translucent gate.
  4623 | D:9      | Noticed a two-headed ogre
  4633 | D:9      | Killed a two-headed ogre
  4743 | D:9      | Noticed Psyche
  4945 | D:10     | Entered Level 10 of the Dungeon
  5089 | D:10     | Noticed a two-headed ogre
  5126 | D:10     | Killed a two-headed ogre
  5248 | D:10     | Noticed a fire crab
  5248 | D:10     | a jumping spider changed into a fire crab
  5253 | D:10     | a fire crab changed into a hippogriff
  5268 | D:10     | Noticed Josephine
  5299 | D:10     | Killed Josephine
  5444 | D:10     | Noticed a queen ant
  5480 | D:10     | Reached *** piety under Makhleb
  5498 | D:10     | Noticed a two-headed ogre
  5529 | D:10     | Killed a two-headed ogre
  5555 | D:10     | Noticed a two-headed ogre
  5570 | D:10     | Killed a two-headed ogre
  5751 | D:10     | Reached XP level 12. HP: 101/110 MP: 6/6
  5825 | D:10     | Reached **** piety under Makhleb
  5889 | D:10     | Killed a queen ant
  6128 | D:11     | Found Ilobb's Magic Scroll Shoppe.
  6146 | D:11     | Found a gate leading to a gauntlet.
  6148 | D:11     | Bought a scroll of enchant weapon for 120 gold pieces
  6148 | D:11     | Bought a scroll of enchant weapon for 120 gold pieces
  6162 | Gauntlet | Entered a Gauntlet
  6162 | Gauntlet | Found a transporter.
  6162 | Gauntlet | Found a transporter.
  6162 | Gauntlet | Noticed a queen ant
  6166 | Gauntlet | Found a transporter.
  6166 | Gauntlet | Found a transporter.
  6176 | Gauntlet | Found a transporter.
  6176 | Gauntlet | Noticed a green death
  6190 | Gauntlet | Found a transporter.
  6198 | Gauntlet | Found a transporter.
  6217 | Gauntlet | Found a transporter.
  6223 | Gauntlet | Found a transporter.
  6240 | Gauntlet | Found a transporter.
  6284 | Gauntlet | Found a transporter.
  6292 | Gauntlet | Found a transporter.
  6419 | Gauntlet | Killed a queen ant
  6419 | Gauntlet | Reached skill level 10 in Shields
  6440 | Gauntlet | Reached skill level 10 in Armour
  6573 | Gauntlet | Got a clouded brass ring
  6582 | Gauntlet | Noticed a minotaur
  6623 | Gauntlet | Killed a minotaur
  6624 | Gauntlet | Identified Guledaj's Volume of Beguiling and Good Luck
  6641 | D:11     | Identified the ring of Ajuz {rN+ MP+9 AC+2} (You found it
                  | in a Gauntlet)
  6926 | D:11     | Found a staircase to the Orcish Mines.
  7007 | D:11     | Reached ***** piety under Makhleb
  7243 | D:11     | Got a heavily runed cloak
  7249 | D:11     | Identified the +1 cloak of Weirdness {rF+ rN+} (You found
                  | it on level 11 of the Dungeon)
  7808 | D:12     | Paralysed by a hornet for 1 turns
  8114 | D:12     | Found a runed translucent door.
  8210 | D:12     | Noticed Azrael
  8216 | D:12     | Reached XP level 13. HP: 103/121 MP: 7/7
  8271 | D:12     | Reached skill level 10 in Invocations
  8294 | D:12     | Killed Azrael
  8875 | D:13     | Found a gate to the Vaults.
  9170 | D:13     | Noticed Frances
  9192 | D:13     | Killed Frances
  9534 | D:14     | Reached skill level 15 in Axes
  9731 | D:14     | Noticed Louise
  9773 | D:14     | Killed Louise
  9988 | D:14     | Found a white marble altar of Elyvilon.
 10225 | D:15     | Entered Level 15 of the Dungeon
 10343 | D:15     | Noticed Jorgrun
 10351 | D:15     | Gained mutation: You resist negative energy. (rN+) [Deep
                  | Dwarf growth]
 10351 | D:15     | Reached XP level 14. HP: 118/130 MP: 0/7
 10357 | D:15     | Reached skill level 10 in Fighting
 10373 | D:15     | Killed Jorgrun
 10584 | D:15     | Noticed Rupert
 10601 | D:15     | Killed Rupert
 10645 | D:15     | Found a staircase to the Depths.
 10645 | D:15     | Noticed a frost giant
 10661 | D:15     | Killed a frost giant
 11028 | Lair:1   | Entered Level 1 of the Lair of Beasts
 11056 | Lair:1   | Reached ****** piety under Makhleb
 11227 | Lair:1   | Got a pair of slimy gloves
 11238 | Lair:1   | Identified the cursed -3 pair of gloves "Inao" {rPois rCorr
                  | Str+4} (You found it on level 1 of the Lair of Beasts)
 11696 | Lair:2   | Found a staircase to the Shoals.
 12443 | Lair:3   | Found a dark tunnel.
 12453 | Volcano  | Entered a volcano
 12951 | Lair:4   | Found a frozen archway.
 12975 | IceCv    | Entered an ice cave
 13249 | IceCv    | Reached XP level 15. HP: 140/140 MP: 7/7
 13408 | IceCv    | Noticed a frost giant
 13409 | IceCv    | Found the +0 Maxwell's etheric cage {RegenMP+ *Contam rElec
                  | MP+4}
 13442 | IceCv    | Killed a frost giant
 13463 | IceCv    | Got a bloodstained plate armour
 13474 | IceCv    | Identified the cursed +0 plate armour of Dishonesty {Str+4}
                  | (You found it in an ice cave)
 13742 | Lair:4   | Found a staircase to the Snake Pit.
 13772 | Snake:1  | Entered Level 1 of the Snake Pit
 13887 | Snake:2  | Noticed a nagaraja
 13906 | Snake:2  | Killed a nagaraja
 14006 | Snake:2  | Noticed Asterion
 14033 | Snake:2  | Killed Asterion
 14182 | Snake:2  | Noticed Aizul
 14230 | Snake:2  | Killed Aizul
 14471 | Snake:4  | Entered Level 4 of the Snake Pit
 14501 | Snake:4  | Noticed a nagaraja
 14501 | Snake:4  | Noticed a nagaraja
 14501 | Snake:4  | Noticed a nagaraja
 14503 | Snake:4  | Noticed a nagaraja
 14516 | Snake:4  | Noticed a nagaraja
 14517 | Snake:4  | Noticed a nagaraja
 14518 | Snake:4  | Noticed a nagaraja
 14530 | Snake:4  | Killed a nagaraja
 14532 | Snake:4  | Killed a nagaraja
 14535 | Snake:4  | Reached XP level 16. HP: 129/151 MP: 9/9
 14639 | Snake:4  | Got a serpentine rune of Zot
 15043 | Shoals:1 | Entered Level 1 of the Shoals
 15058 | Shoals:1 | Reached skill level 15 in Invocations
 15659 | Shoals:3 | Reached XP level 17. HP: 162/162 MP: 11/11
 15663 | Shoals:4 | Entered Level 4 of the Shoals
 16186 | Shoals:4 | Reached skill level 15 in Shields
 16283 | Shoals:4 | Reached skill level 15 in Armour
 16297 | Shoals:4 | Cast into level 2 of the Abyss (merfolk javelineer)
 16452 | Abyss:4  | Paralysed by accursed screaming for 1 turns
 16548 | Abyss:4  | Paralysed by accursed screaming for 1 turns
 16571 | Abyss:4  | Paralysed by accursed screaming for 2 turns
 16583 | Abyss:4  | Paralysed by accursed screaming for 1 turns
 16639 | Abyss:4  | Got an abyssal rune of Zot
 16660 | Shoals:4 | Escaped the Abyss
 17366 | Vaults:1 | Entered Level 1 of the Vaults
 17631 | Vaults:1 | Noticed Nikola
 17688 | Vaults:1 | Killed Nikola
 17865 | Vaults:1 | Gained mutation: You passively map a large area around you.
                  | [Deep Dwarf growth]
 17865 | Vaults:1 | Reached XP level 18. HP: 174/174 MP: 9/9
 18797 | Vaults:3 | Found Befismipn's Antique Weapon Boutique.
 18990 | Vaults:4 | Found Doler's Antique Armour Boutique.
 18991 | Vaults:4 | Found Iveig's Armour Emporium.
 19011 | Vaults:4 | Bought a pair of ancient boots for 294 gold pieces
 19031 | Vaults:4 | Identified the +2 pair of boots of Uckij {Str+5 Dex-2} (You
                  | bought it in a shop on level 4 of the Vaults)
 19112 | Vaults:4 | Reached skill level 15 in Fighting
 19262 | Vaults:4 | Reached XP level 19. HP: 186/186 MP: 10/10
 19331 | Vaults:4 | Found Joqoroxt's Antique Weapon Shop.
 19350 | Vaults:5 | Entered Level 5 of the Vaults
 19664 | Vaults:5 | Paralysed by a hornet for 1 turns
 19669 | Vaults:5 | Noticed a Tzitzimitl
 19785 | Vaults:5 | Noticed a golden dragon
 19798 | Vaults:5 | Killed a golden dragon
 20026 | Vaults:5 | Reached XP level 20. HP: 198/198 MP: 11/11
 20197 | Vaults:5 | Noticed a golden dragon
 20215 | Vaults:5 | Killed a golden dragon
 20435 | Vaults:5 | Got a silver rune of Zot
 20862 | Depths:1 | Entered Level 1 of the Depths
 21163 | Depths:3 | Noticed Mennas
 21182 | Depths:3 | Paralysed by a floating eye for 4 turns
 21330 | Depths:3 | Killed Mennas
 21584 | Depths:3 | Reached XP level 21. HP: 208/208 MP: 12/12
 21592 | Depths:3 | Noticed Xtahua
 21606 | Depths:3 | Killed Xtahua
 21643 | Depths:4 | Paralysed by a floating eye for 4 turns
 21655 | Depths:4 | Noticed Boris
 21688 | Depths:4 | Killed Boris
 21700 | Depths:4 | Found a one-way gate to the infinite horrors of the Abyss.
 21796 | Depths:4 | Got a translucent glass ring
 21928 | Depths:4 | Paralysed by a floating eye for 4 turns
 21936 | Depths:4 | Noticed Sojobo
 21937 | Depths:4 | Noticed Margery
 21986 | Depths:4 | Killed Sojobo
 22000 | Depths:4 | Killed Margery
 22106 | Depths:4 | Got a steaming silver ring
 22107 | Depths:4 | Identified the ring "Gubiajaw" {MR+ Str+3 Int+4 Dex+2} (You
                  | found it on level 4 of the Depths)
 22108 | Depths:4 | Identified the ring of Zunkaj {*Slow rC++ Str-5 Dex+10
                  | SInv} (You found it on level 4 of the Depths)
 22190 | Depths:4 | Noticed a golden dragon
 22229 | Depths:4 | Killed a golden dragon
 22292 | Depths:4 | Found Oprierhe's Magic Scroll Boutique.
 22304 | Depths:4 | Bought 2 scrolls of enchant weapon for 300 gold pieces
 22343 | Depths:4 | Noticed a juggernaut
 22351 | Depths:4 | Killed a juggernaut
 22406 | Depths:4 | Found a gateway to Hell.
 22539 | Depths:4 | Found a one-way gate leading to the halls of Pandemonium.
 22608 | Depths:4 | Noticed a golden dragon
 22615 | Depths:4 | Killed a golden dragon
 22662 | Depths:4 | Reached XP level 22. HP: 220/220 MP: 13/13
 22693 | Depths:4 | Identified the ring of Exhibitionism {MR+ Stlth+} (You
                  | found it on level 4 of the Depths)
 22733 | Depths:5 | Entered Level 5 of the Depths
 22779 | Depths:5 | Noticed a golden dragon
 22782 | Depths:5 | Noticed Boris
 22792 | Depths:5 | Killed a golden dragon
 22842 | Depths:5 | Killed Boris
 22875 | Depths:5 | Noticed a golden dragon
 22894 | Depths:5 | Killed a golden dragon
 22962 | Depths:5 | Found Desumpomn's Gadget Boutique.
 23001 | Depths:5 | Noticed a golden dragon
 23025 | Depths:5 | Killed a golden dragon
 23030 | Depths:5 | Found a gate to the Realm of Zot.
 23059 | Zot:1    | Entered Level 1 of the Realm of Zot
 23270 | Zot:3    | Noticed a golden dragon
 23289 | Zot:3    | Killed a golden dragon
 23395 | Zot:5    | Entered Level 5 of the Realm of Zot
 23581 | Zot:5    | Noticed an ancient lich
 23585 | Zot:5    | Noticed an ancient lich
 23586 | Zot:5    | Noticed an orb of fire
 23586 | Zot:5    | Noticed an orb of fire
 23588 | Zot:5    | Noticed an orb of fire
 23591 | Zot:5    | Noticed an orb of fire
 23595 | Zot:5    | Noticed an orb of fire
 23598 | Zot:5    | Noticed a Killer Klown
 23605 | Zot:5    | Killed an ancient lich
 23607 | Zot:5    | Gained mutation: You are dopey. (Int -2) [an orb of fire]
 23609 | Zot:5    | Noticed an orb of fire
 23610 | Zot:5    | Killed an ancient lich
 23610 | Zot:5    | Reached XP level 23. HP: 116/232 MP: 1/14
 23611 | Zot:5    | Gained mutation: You tend to lose your temper in combat.
                  | [an orb of fire]
 23612 | Zot:5    | Noticed an orb of fire
 23618 | Zot:5    | Gained mutation: Scrolls take you a little longer to read.
                  | [an orb of fire]
 23621 | Zot:5    | Killed an orb of fire
 23624 | Zot:5    | Gained mutation: Your body sometimes deteriorates upon
                  | taking damage. [an orb of fire]
 23625 | Zot:5    | Noticed an ancient lich
 23625 | Zot:5    | Noticed an orb of fire
 23626 | Zot:5    | Gained mutation: Scrolls take you longer to read. [an orb
                  | of fire]
 23628 | Zot:5    | Noticed an orb of fire
 23628 | Zot:5    | Gained mutation: You are very dopey. (Int -4) [an orb of
                  | fire]
 23628 | Zot:5    | Noticed an ancient lich
 23637 | Zot:5    | HP: 10/232 [orb of fire/fireball (7)]
 23637 | Zot:5    | HP: 1/232 [ancient lich/bolt of lightning (9)]
 23638 | Zot:5    | Demolished by an Orb Guardian

Levels and vault maps discovered:
D:1:      minmay_arrival_widening_spiral_wide, layout_basic, minivault_27
D:2:      layout_basic, tgw_trog, first_ration, minmay_increasing_density
D:3:      layout_rooms, gup_sewer_entry_glass, uniq_jessica
D:4:      layout_cave_pools, uniq_pikel
D:5:      layout_cave_pods, nicolae_overflow_hidden_temple, basic_altar
D:6:      layout_gridville, ashenzari_altar_1, uniq_blork_the_orc, uniq_edmund
D:7:      layout_basic, minmay_temple_entry_glass
D:8:      layout_rooms, basic_altar, serial_shops, shop,
          minmay_misc_feat_square, hangedman_ranch [blue_anna_fruit_fields]
D:9:      layout_loops_corners, lair_entry_dummy, gammafunk_ghost_nasty_kobolds,
          tgw_xom, uniq_psyche, uniq_grum
D:10:     layout_irregular_city, zaba_antful_of_joy, uniq_josephine
D:11:     layout_grid_maze, orc_0_dummy, serial_shops, nicolae_shop_statue_plus,
          special_room [special_room_bee], gauntlet_entry_generic
D:12:     layout_cave_pools, st_stairs_7, minmay_gold_behind_fungi,
          minmay_crystal_box, uniq_azrael
D:13:     layout_basic, david_vaults_2, minivault_24, disabler_island,
          uniq_frances
D:14:     layout_gridville, chequers_serial_rivers_marsh, elyvilon_altar_5,
          uniq_louise
D:15:     grunt_enter_depths_snipers, layout_rooms, minmay_misc_feat_tower,
          uniq_rupert, uniq_jorgrun
Temple:   eino_narrow_crystal_temple
Lair:1:   layout_hall_layers, special_room, wad_woods_river_03,
          grunt_megastairs_1
Lair:2:   layout_regular_city, minmay_shoals_entry_lonely_mermaid, st_stairs_12
Lair:3:   layout_loops_ring, nicolae_volcano_entry_batcave
Lair:4:   layout_roguey, minmay_snake_entry_six_corridors,
          portal_ice_cave_entry_ice_beasts, minmay_lair_oklob_chamber
Shoals:1: layout_shoals, nicolae_shoals_so_close
Shoals:2: layout_shoals, ebering_ghost_inner_flame, yaktaur_hedge
Shoals:3: layout_shoals
Shoals:4: shoals_end_hangedman, layout_shoals
Snake:1:  layout_gridlike, serial_bayou_pond_a, grunt_ministairs_15, drop_trap,
          st_stairs_13, dpeg_stationary_puzzle, serial_bayou_shore_b,
          grunt_megastairs_4
Snake:2:  layout_cave_town, uniq_asterion, uniq_aizul
Snake:3:  layout_misc_corridors, serial_shops, nicolae_shop_overgrown_old_shop,
          shop, nicolae_snake_salamander_stairs
Snake:4:  grunt_snake_rune_serpentine_throne, layout_rooms, nrook_loot_triangle,
          nicolae_snake_serpentine_hallways, guppyfry_snake_island
Vaults:1: v_alt_pattern_1, vaults_room_grunt_arrival_ludios,
          hangedman_vaults_restitches, hangedman_vaults_stitches,
          v_alt_pattern_5, v_misc_24, ontoclasm_vaults_misaligned, v_misc_3,
          v_rooms_5, vaults_room_pool, vaults_room_pools, v_misc_22,
          layout_vaults_omnicross, uniq_nikola
Vaults:2: v_misc_14, hangedman_vaults_impose, nicolae_vaults_little_squares_6,
          v_alt_pattern_3, minmay_crypt_entry_necro_gods, grunt_vaults_focal,
          v_misc_4, v_pattern_5, vaults_dpeg_encased_lava,
          layout_vaults_quadrants, serial_shops, nicolae_shop_window_shopping
Vaults:3: vaults_dpeg_diagonal, vaults_dpeg_spiral, v_misc_16,
          hangedman_vaults_variations, hangedman_vaults_unwind,
          nicolae_vaults_puzzle_piece, vaults_mumra_hex,
          ontoclasm_vaults_hangar, v_misc_10, v_alt_pattern_1,
          nicolae_vaults_theta, vaults_room_fours, nicolae_vaults_specimen_jars,
          nicolae_vaults_little_squares_4, layout_vaults_maze, serial_shops,
          shop
Vaults:4: v_pattern_1, vaults_standard_mumra_lines, v_rooms_2,
          nicolae_vaults_triangles, nicolae_vaults_little_squares_5,
          nicolae_vaults_know_your_exits,
          nicolae_vaults_windows_and_doors_thing, ontoclasm_vaults_tryst,
          vaults_room_door_ring, layout_vaults_omnibox, serial_shops, shop,
          shop, nicolae_shop_stone, nicolae_shop_temple_entry_statues_fountains
Vaults:5
Depths:1: layout_long_grid, ebering_dispersal_statue_hall, pan_entry,
          serial_hangedman_research, hangedman_research_metamorphosis,
          hangedman_research_thermodynamics, hangedman_research_pyrotechnics,
          hangedman_research_quantum, hangedman_research_thanatology,
          grunt_hell_horde, hangedman_abyss_or_decor_jellyfish_corner,
          minmay_stone_trees_small, minmay_shop_grid_forest,
          serial_bayou_pond_e, st_stairs_12, minmay_guarded_unrand_curses,
          serial_bayou_shore_b
Depths:2: regret_index_dithmenos_brocken_genspenst, layout_cave_pools,
          enter_ziggurat_a, minmay_curled_crystal, hell_entry, abyss_entry,
          dk_noncrumbling_2, hangedman_decor_riveting
Depths:3: evilmike_iron_armoury, layout_basic, pf_hell_entry_tar_spiral,
          rand_demon_pan_entry_4, fountainhead,
          minmay_checkered_concentric_circles, roderic_lattice_octagonal_star,
          infiniplex_staircase_zigzag_3, uniq_xtahua, uniq_mennas, uniq_mara
Depths:4: hangedman_spin_cycle, hell_entry, abyss_entry, serial_shops,
          pan_entry, uniq_boris, uniq_margery, uniq_sojobo
Depths:5: grunt_zot_entry_gee_three, layout_basic, hellmouth_1, serial_shops,
          nicolae_shop_temple_entry_statues_fountains, nicolae_shop_trees,
          chequers_serial_rivers_room_b, special_room [special_room_morgue],
          minmay_misc_feat_roman, minmay_shop_grove
Zot:1:    layout_misc_corridors
Zot:2:    layout_gridlike, nrook_zot_tub
Zot:3:    grunt_twist_and_shout, layout_cathedral_of_symmetry
Zot:4:    layout_gridlike
Zot:5:    layout_twisted_circle

Skill      XL: |  1  2  3  4  5  6  7  8  9 10 11 12 13 14 15 16 17 18 19 20 21 22 |
---------------+-------------------------------------------------------------------+-----
Axes           | 3 4 6 8 10 11 12 14 15 16 17 18 | 18.0
Fighting       | 3 4 5 6 7 8 9 10 11 12 13 15 16 17 18 19 | 19.3
Armour         | 4 5 6 7 8 9 10 11 12 13 14 16 17 18 19 21 22 | 22.2
Shields        | 4 5 6 7 8 9 10 11 12 13 14 16 17 18 19 21 22 | 22.2
Invocations    | 3 6 8 9 11 12 13 15 | 15.0

Action                   |  1- 3 |  4- 6 |  7- 9 | 10-12 | 13-15 | 16-18 | 19-21 | 22-24 || total
-------------------------+-------+-------+-------+-------+-------+-------+-------+-------++-------
Melee: War axe           |    73 |    99 |   342 |       |       |       |       |       ||   514
       Hand axe          |       |       |     9 |  1314 |   445 |       |       |       ||  1768
       Broad axe         |       |       |       |       |  1180 |  1746 |  1707 |   495 ||  5128
Invok: Minor Destruction |       |       |       |     2 |       |       |       |       ||     2
       Lesser Servant of |       |       |       |       |     4 |       |       |       ||     4
       Greater Servant o |       |       |       |       |       |     1 |       |     2 ||     3
 Abil: Heal Wounds       |     1 |     5 |    11 |    29 |    12 |    11 |     7 |     7 ||    83
Evoke: Wand              |       |       |       |     2 |     4 |       |       |       ||     6
       Lamp of fire      |       |       |       |       |     1 |       |       |       ||     1
  Use: Scroll            |       |       |       |    15 |     9 |     2 |     7 |    15 ||    48
       Potion            |       |       |       |     3 |     7 |     5 |     1 |     5 ||    21
 Stab: Invisible         |       |       |       |    12 |       |       |       |       ||    12
       Distracted        |       |       |       |       |     2 |       |     1 |       ||     3
  Eat: Chunk             |       |       |     9 |    15 |    22 |    13 |    14 |     1 ||    74
       Ration            |       |       |       |     2 |       |     2 |       |     3 ||     7
Armor: Scale mail        |    50 |       |       |       |       |       |       |       ||    50
       Chain mail        |       |    71 |   199 |    95 |       |       |       |       ||   365
       Plate armour      |       |       |       |   528 |  1072 |   995 |   927 |    89 ||  3611
       Gold dragon scale |       |       |       |       |       |       |       |   258 ||   258
Dodge: Dodged            |    37 |    30 |   100 |   248 |   252 |   289 |   272 |    80 ||  1308
Block: Kite shield       |    51 |    81 |   215 |   704 |   236 |       |       |       ||  1287
       Tower shield      |       |       |       |       |  1443 |  2150 |  1989 |   575 ||  6157

Table legend:
 A = Non-vault XP
 B = Vault XP
 C = Vault XP percentage of total XP
 D = Non-vault monster count
 E = Vault monster count
 F = Vault count percentage of total count
                 A         B        C        D         E       F
            +---------+---------+-------+---------+---------+-------
      Total |  347534 |  516235 |  59.8 |     837 |     574 |  40.7
            +---------+---------+-------+---------+---------+-------
        D:1 |       3 |       0 |   0.0 |       2 |       0 |   0.0
        D:2 |      24 |       0 |   0.0 |      11 |       0 |   0.0
        D:3 |      47 |      58 |  55.2 |      19 |       6 |  24.0
        D:4 |     453 |     629 |  58.1 |      18 |       1 |   5.3
        D:5 |     161 |       0 |   0.0 |       8 |       0 |   0.0
        D:6 |     695 |     254 |  26.8 |      17 |       2 |  10.5
        D:7 |    1833 |       0 |   0.0 |      27 |       0 |   0.0
        D:8 |    1893 |    2205 |  53.8 |      19 |       8 |  29.6
        D:9 |    4153 |     531 |  11.3 |      30 |       6 |  16.7
       D:10 |    5510 |    4778 |  46.4 |      28 |      35 |  55.6
       D:11 |    2857 |    1150 |  28.7 |      34 |      15 |  30.6
       D:12 |    6113 |    3067 |  33.4 |      29 |       9 |  23.7
       D:13 |    6343 |    5165 |  44.9 |      28 |       9 |  24.3
       D:14 |    8295 |    1752 |  17.4 |      30 |       1 |   3.2
       D:15 |    5953 |    9405 |  61.2 |      23 |       5 |  17.9
     Lair:1 |    2793 |     210 |   7.0 |      17 |       1 |   5.6
     Lair:2 |    5499 |     623 |  10.2 |      24 |       2 |   7.7
     Lair:3 |    7655 |     576 |   7.0 |      26 |       3 |  10.3
     Lair:4 |     361 |    2475 |  87.3 |       1 |      17 |  94.4
   Shoals:1 |    7710 |       0 |   0.0 |      16 |       0 |   0.0
   Shoals:2 |   10010 |     333 |   3.2 |      20 |       1 |   4.8
   Shoals:3 |    8500 |       0 |   0.0 |      14 |       0 |   0.0
   Shoals:4 |   13054 |   10791 |  45.3 |      27 |      20 |  42.6
    Snake:1 |    3324 |    2273 |  40.6 |       5 |       3 |  37.5
    Snake:2 |   16071 |    4419 |  21.6 |      33 |       2 |   5.7
    Snake:3 |    2550 |     517 |  16.9 |       8 |       1 |  11.1
    Snake:4 |   12486 |   42365 |  77.2 |      24 |      62 |  72.1
   Vaults:1 |    7288 |   20446 |  73.7 |      16 |      27 |  62.8
   Vaults:2 |    7345 |    2562 |  25.9 |      14 |       3 |  17.6
   Vaults:3 |   28897 |   22360 |  43.6 |      54 |      34 |  38.6
   Vaults:4 |   13538 |   13530 |  50.0 |      29 |      20 |  40.8
   Vaults:5 |   16389 |  107886 |  86.8 |      27 |      76 |  73.8
   Depths:1 |    4669 |       0 |   0.0 |       4 |       0 |   0.0
   Depths:2 |   14261 |       0 |   0.0 |      18 |       0 |   0.0
   Depths:3 |   37850 |   32651 |  46.3 |      51 |      11 |  17.7
   Depths:4 |       0 |  118858 | 100.0 |       0 |      87 | 100.0
   Depths:5 |    5433 |   31106 |  85.1 |       2 |      17 |  89.5
      Zot:1 |   13757 |       0 |   0.0 |      10 |       0 |   0.0
      Zot:2 |   17752 |       0 |   0.0 |      11 |       0 |   0.0
      Zot:3 |    3957 |       0 |   0.0 |       1 |       0 |   0.0
      Zot:4 |    9171 |       0 |   0.0 |       7 |       0 |   0.0
      Zot:5 |   21540 |   47863 |  69.0 |      14 |      12 |  46.2
    Abyss:4 |   11341 |    7038 |  38.3 |      41 |       7 |  14.6
      IceCv |       0 |   13954 | 100.0 |       0 |      53 | 100.0
   Gauntlet |       0 |    4405 | 100.0 |       0 |      18 | 100.0
            +---------+---------+-------+---------+---------+-------
